[Event "Teplice Open 2019"]
[Site "Teplice"]
[Date "2019.06.22"]
[Round "8.10"]
[White "Hracek, Zbynek"]
[Black "Song, Raymond"]
[Result "1/2-1/2"]
[ECO "B18"]
[WhiteElo "2582"]
[BlackElo "2450"]
[Annotator "ChessBase"]
[PlyCount "84"]
[EventDate "2019.06.15"]
[EventType "swiss"]
[EventCountry "CZE"]
[SourceTitle "playchess.com"]
[Source "ChessBase"]
[SourceQuality "1"]
[TimeControl "40/5400+30:1800+30"]

1. e4 c6 2. d4 d5 3. Nc3 dxe4 4. Nxe4 Bf5 5. Bd3 Qxd4 6. Nf3 Qd5 7. c4 Qa5+ 8. Bd2 Qc7 9. O-O e6 10. Bc3 Nd7 11. Neg5 h6 12. Ne4 Bxe4 13. Bxe4 Ngf6 14. Bc2 a5 15. a3 Be7 16. Qe2 a4 17. Rad1 O-O 18. Rd4 Rfd8 19. g3 c5 20. Rd3 Nb6 21. Ne5 Nbd7 22. Rfd1 Nxe5 23. Bxe5 Qc6 24. Rxd8+ Rxd8 25. Rxd8+ Bxd8 26. Qd1 Be7 27. Bxa4 Qe4 28. Bxf6 Bxf6 29. Qc2 Qe1+ 30. Kg2 Bd4 31. Bd7 g5 32. Bc8 b6 33. g4 Qe5 34. Bb7 Bxb2 35. a4 Bd4 36. Qe4 Qd6 37. Qc6 Qf4 38. Qf3 Qc1 39. Ba6 Kg7 40. Bb5 Qc2 41. h3 Qd2 42. Be8 Qf4 1/2-1/2

[Event "Teplice Open 2019"]
[Site "Teplice"]
[Date "2019.06.22"]
[Round "8.11"]
[White "Epishin, Vladimir"]
[Black "Krishna Teja, N."]
[Result "1-0"]
[ECO "A34"]
[WhiteElo "2564"]
[BlackElo "2357"]
[Annotator "ChessBase"]
[PlyCount "127"]
[EventDate "2019.06.15"]
[EventType "swiss"]
[EventCountry "CZE"]
[SourceTitle "playchess.com"]
[Source "ChessBase"]
[SourceQuality "1"]
[TimeControl "40/5400+30:1800+30"]

1. c4 c5 2. Nf3 Nf6 3. Nc3 d5 4. cxd5 Nxd5 5. g3 g6 6. h4 h6 7. Qb3 Nb6 8. Ne4 N8d7 9. h5 g5 10. Qc3 Rg8 11. Nxc5 Bg7 12. Qa5 Nxc5 13. Qxc5 Bg4 14. Bg2 Rc8 15. Qa3 Rc2 16. O-O a6 17. Ne1 Rc7 18. Bf3 Nc4 19. Qb4 a5 20. Qb3 Be6 21. Qa4+ Bd7 22. Qd1 b5 23. Rb1 Ne5 24. Bg2 Bg4 25. d3 Bxh5 26. Bd2 Rd7 27. Bc3 Kf8 28. a3 Qb6 29. Rc1 Bf6 30. Qd2 Nc4 31. Qc2 Ne5 32. e3 Kg7 33. d4 Nc4 34. Nd3 Bg6 35. Qe2 Bxd3 36. Qxd3 Rgd8 37. a4 Rc7 38. b3 Nd6 39. Qd2 b4 40. Bb2 Ne8 41. Rxc7 Nxc7 42. Rc1 Nd5 43. Rc5 e6 44. Qc2 Ne7 45. Be4 Rd7 46. Qc4 Ra7 47. Bc2 Kf8 48. e4 Ke8 49. Bc1 Kd7 50. Be3 Rc7 51. d5 Rxc5 52. Bxc5 Qb7 53. dxe6+ fxe6 54. Bd4 Bxd4 55. Qxd4+ Ke8 56. Qh8+ Kd7 57. Bd3 Qb6 58. Bb5+ Kd6 59. e5+ Kd5 60. Bc4+ Ke4 61. Qxh6 Qd4 62. Qh7+ Nf5 63. Bxe6 Qxe5 64. Qg6 1-0

[Event "Teplice Open 2019"]
[Site "Teplice"]
[Date "2019.06.22"]
[Round "8.12"]
[White "Ankit, R. Rajpara"]
[Black "Dastan, Muhammed Batuhan"]
[Result "0-1"]
[ECO "A88"]
[WhiteElo "2447"]
[BlackElo "2561"]
[Annotator "ChessBase"]
[PlyCount "86"]
[EventDate "2019.06.15"]
[EventType "swiss"]
[EventCountry "CZE"]
[SourceTitle "playchess.com"]
[Source "ChessBase"]
[SourceQuality "1"]
[TimeControl "40/5400+30:1800+30"]

1. d4 f5 2. g3 Nf6 3. Bg2 g6 4. Nf3 Bg7 5. c4 O-O 6. O-O d6 7. Nc3 c6 8. b3 Na6 9. Bb2 Qe8 10. Re1 e5 11. e4 f4 12. Ba3 fxg3 13. hxg3 Bg4 14. Bxd6 Nh5 15. Bxe5 Bxe5 16. dxe5 Nxg3 17. fxg3 Bxf3 18. Bxf3 Qxe5 19. Nd5 cxd5 20. Kg2 d4 21. a3 Nc5 22. b4 Ne6 23. Qd3 Qg5 24. Kh2 Qe5 25. Rf1 h5 26. Kg2 Qg5 27. Kh2 h4 28. Bg2 Qe5 29. Bh3 Ng5 30. Bg2 Kg7 31. Rad1 hxg3+ 32. Kg1 Rxf1+ 33. Rxf1 Rh8 34. c5 Ne6 35. Qb5 Nf4 36. Qd7+ Kh6 37. Qg4 Rf8 38. b5 d3 39. Kh1 Kg7 40. Qd7+ Rf7 41. Qg4 Rf8 42. Qd7+ Rf7 43. Qg4 Qxc5 0-1

[Event "Teplice Open 2019"]
[Site "Teplice"]
[Date "2019.06.22"]
[Round "8.13"]
[White "Babula, Vlastimil"]
[Black "Kostolansky, Sebastian Lukas"]
[Result "1/2-1/2"]
[ECO "E97"]
[WhiteElo "2550"]
[BlackElo "2379"]
[Annotator "ChessBase"]
[PlyCount "60"]
[EventDate "2019.06.15"]
[EventType "swiss"]
[EventCountry "CZE"]
[SourceTitle "playchess.com"]
[Source "ChessBase"]
[SourceQuality "1"]
[TimeControl "40/5400+30:1800+30"]

1. d4 Nf6 2. c4 g6 3. Nc3 Bg7 4. e4 d6 5. Nf3 O-O 6. Be2 Nc6 7. O-O e5 8. d5 Ne7 9. b4 Nh5 10. g3 f5 11. Ng5 Nf6 12. Bf3 fxe4 13. Ngxe4 Nxe4 14. Nxe4 Nf5 15. Bg5 Qe8 16. Rc1 a5 17. a3 axb4 18. axb4 Qa4 19. Ra1 Qxd1 20. Rfxd1 Bd7 21. Bg2 h6 22. Rxa8 Rxa8 23. Bd2 Nd4 24. h3 Kf7 25. g4 Ra2 26. b5 b6 27. Kh2 Ra4 28. Bf1 Ke7 29. Bd3 Nf3+ 30. Kg2 Nxd2 1/2-1/2

[Event "Teplice Open 2019"]
[Site "Teplice"]
[Date "2019.06.22"]
[Round "8.14"]
[White "Baum, Jonasz"]
[Black "Plat, Vojtech"]
[Result "0-1"]
[ECO "D76"]
[WhiteElo "2295"]
[BlackElo "2547"]
[Annotator "ChessBase"]
[PlyCount "132"]
[EventDate "2019.06.15"]
[EventType "swiss"]
[EventCountry "CZE"]
[SourceTitle "playchess.com"]
[Source "ChessBase"]
[SourceQuality "1"]
[TimeControl "40/5400+30:1800+30"]

1. d4 Nf6 2. c4 g6 3. Nf3 Bg7 4. g3 d5 5. cxd5 Nxd5 6. Bg2 Nb6 7. O-O Nc6 8. Nc3 O-O 9. d5 Na5 10. Qc2 c6 11. dxc6 Nxc6 12. Rd1 Qe8 13. Qe4 Bf5 14. Qh4 f6 15. g4 g5 16. Qg3 Bc2 17. Rd2 Bg6 18. b3 f5 19. Bb2 f4 20. Qh3 h6 21. Nb5 Rd8 22. Bxg7 Kxg7 23. Nbd4 Nxd4 24. Nxd4 e5 25. Nf5+ Bxf5 26. Rxd8 Qxd8 27. gxf5 Qd2 28. Qh5 Rxf5 29. Be4 Rf6 30. Qe8 Qd6 31. Rc1 Rf8 32. Qh5 Rc8 33. Rxc8 Nxc8 34. h4 Qf6 35. Qe8 Nd6 36. Qd7+ Kf8 37. Bxb7 Qe7 38. Qxe7+ Kxe7 39. Ba8 gxh4 40. Kg2 Nb5 41. e3 fxe3 42. fxe3 Nc3 43. Kh3 Nxa2 44. Kxh4 Nc3 45. Kh5 Kf6 46. e4 Kg7 47. Bc6 a5 48. Kg4 Kg6 49. Kh4 Ne2 50. Be8+ Kf6 51. Bc6 Nf4 52. Kg4 h5+ 53. Kh4 Kg6 54. Be8+ Kh6 55. Bf7 Ng6+ 56. Kg3 Kg5 57. Kh3 Nf4+ 58. Kg3 Ne2+ 59. Kf3 Nd4+ 60. Kg3 h4+ 61. Kh3 Ne2 62. Kg2 Kg4 63. Be6+ Kf4 64. Kh3 Kg5 65. Bd7 Nf4+ 66. Kh2 Kf6 0-1

[Event "Teplice Open 2019"]
[Site "Teplice"]
[Date "2019.06.22"]
[Round "8.15"]
[White "Ali Marandi, Cemil Can"]
[Black "Erenberg, Ariel"]
[Result "1-0"]
[ECO "D43"]
[WhiteElo "2520"]
[BlackElo "2434"]
[Annotator "ChessBase"]
[PlyCount "113"]
[EventDate "2019.06.15"]
[EventType "swiss"]
[EventCountry "CZE"]
[SourceTitle "playchess.com"]
[Source "ChessBase"]
[SourceQuality "1"]
[TimeControl "40/5400+30:1800+30"]

1. d4 Nf6 2. Nf3 e6 3. Bg5 d5 4. c4 h6 5. Bxf6 Qxf6 6. Nc3 c6 7. e3 g6 8. Bd3 Bg7 9. O-O O-O 10. e4 dxc4 11. Bxc4 Qe7 12. e5 Nd7 13. Re1 b6 14. Ne4 c5 15. Nd6 cxd4 16. Qxd4 Rb8 17. Rac1 Rd8 18. Red1 Bb7 19. Nxb7 Rxb7 20. Bb5 a6 21. Bxa6 Rbb8 22. Qe3 Nc5 23. Bb5 Rxd1+ 24. Rxd1 Rd8 25. Rc1 Rd5 26. Bc6 Rd8 27. Bb5 Rd5 28. b4 Nb3 29. Rc8+ Kh7 30. Bc4 Rd1+ 31. Bf1 Qd7 32. Qxb3 Rxf1+ 33. Kxf1 Qxc8 34. g3 Qc1+ 35. Kg2 Qc6 36. Qe3 Bf8 37. a3 Kg7 38. h4 Be7 39. Qd3 h5 40. Kh2 Qc7 41. Qe3 Qc6 42. Nd4 Qd5 43. Ne2 Bd8 44. Qd4 Qf3 45. Ng1 Qa8 46. Qd7 g5 47. hxg5 Bxg5 48. Nh3 Bc1 49. Qc7 Bxa3 50. Qc3 Qa4 51. Nf4 Qxb4 52. Nxh5+ Kg6 53. Qf3 Bc1 54. Qf6+ Kxh5 55. f3 Bf4 56. gxf4 Qd2+ 57. Kh3 1-0

[Event "Teplice Open 2019"]
[Site "Teplice"]
[Date "2019.06.22"]
[Round "8.16"]
[White "Siddharth, Jagadeesh"]
[Black "Krzyzanowski, Marcin"]
[Result "1-0"]
[ECO "E62"]
[WhiteElo "2416"]
[BlackElo "2510"]
[Annotator "ChessBase"]
[PlyCount "102"]
[EventDate "2019.06.15"]
[EventType "swiss"]
[EventCountry "CZE"]
[SourceTitle "playchess.com"]
[Source "ChessBase"]
[SourceQuality "1"]
[TimeControl "40/5400+30:1800+30"]

1. d4 Nf6 2. c4 d6 3. Nf3 g6 4. g3 Bg7 5. Bg2 O-O 6. O-O Nc6 7. Nc3 Bg4 8. d5 Na5 9. b3 c5 10. Bb2 a6 11. Qc2 Rb8 12. Nd2 b5 13. Rfe1 bxc4 14. bxc4 e5 15. Nd1 h5 16. Bc3 Bd7 17. f4 Ng4 18. h3 Nh6 19. fxe5 dxe5 20. e4 Nb7 21. Nf3 Re8 22. Qc1 f6 23. Bd2 Nf7 24. Nf2 Nbd6 25. Be3 Qc7 26. Nd2 Rb6 27. Nd3 Nb7 28. Nb3 Bf8 29. Qc3 f5 30. Na5 Nxa5 31. Qxa5 Rc8 32. h4 fxe4 33. Nf2 Nd6 34. Rac1 Bf5 35. Bg5 Rb2 36. Qxa6 Rcb8 37. Nd1 R2b4 38. Ne3 Bd7 39. Qa3 Ra4 40. Qc3 Bg7 41. Qc2 Qa5 42. Ra1 Ra3 43. Bxe4 Rc3 44. Qg2 Bf5 45. Bxf5 gxf5 46. Be7 Bh6 47. Bxd6 Bxe3+ 48. Kh1 Rd8 49. Bxe5 Bd4 50. Bxd4 cxd4 51. Qd2 Ra8 1-0

[Event "Teplice Open 2019"]
[Site "Teplice"]
[Date "2019.06.22"]
[Round "8.17"]
[White "Gumularz, Szymon"]
[Black "Efroimski, Marsel"]
[Result "1/2-1/2"]
[ECO "D02"]
[WhiteElo "2495"]
[BlackElo "2327"]
[Annotator "ChessBase"]
[PlyCount "79"]
[EventDate "2019.06.15"]
[EventType "swiss"]
[EventCountry "CZE"]
[SourceTitle "playchess.com"]
[Source "ChessBase"]
[SourceQuality "1"]
[TimeControl "40/5400+30:1800+30"]

1. d4 e6 2. Bf4 d5 3. e3 Nf6 4. Nd2 Bd6 5. Ngf3 O-O 6. Bg3 b6 7. c3 c5 8. Bd3 Ba6 9. Bxa6 Nxa6 10. Qe2 Nc7 11. Ne5 Nce8 12. O-O Qc7 13. a4 Nd7 14. Nxd7 Qxd7 15. a5 Bxg3 16. hxg3 Nd6 17. Ra2 Qb7 18. Rfa1 c4 19. e4 dxe4 20. Nxc4 Nxc4 21. Qxc4 b5 22. a6 Qd5 23. Qe2 Rab8 24. Ra5 Rb6 25. Re1 f5 26. f3 exf3 27. gxf3 Rd8 28. Kg2 Qc6 29. Qe5 Rd5 30. Qf4 h6 31. Re5 g5 32. Qe3 Rxe5 33. dxe5 Rxa6 34. Rxa6 Qxa6 35. Qd4 Qb7 36. Qd8+ Kh7 37. Kh2 Qxf3 38. Qe7+ Kg6 39. Qe8+ Kg7 40. Qe7+ 1/2-1/2

[Event "Teplice Open 2019"]
[Site "Teplice"]
[Date "2019.06.22"]
[Round "8.19"]
[White "Loiseau, Quentin"]
[Black "Czerw, Dawid"]
[Result "1-0"]
[ECO "D45"]
[WhiteElo "2471"]
[BlackElo "2317"]
[Annotator "ChessBase"]
[PlyCount "157"]
[EventDate "2019.06.15"]
[EventType "swiss"]
[EventCountry "CZE"]
[SourceTitle "playchess.com"]
[Source "ChessBase"]
[SourceQuality "1"]
[TimeControl "40/5400+30:1800+30"]

1. d4 Nf6 2. c4 e6 3. Nf3 d5 4. Nc3 c6 5. e3 a6 6. c5 Nbd7 7. Qc2 Be7 8. b4 O-O 9. Bd3 Qc7 10. Bb2 b6 11. a3 a5 12. Rc1 axb4 13. axb4 bxc5 14. bxc5 Ba6 15. O-O Bxd3 16. Qxd3 Rfb8 17. Qc2 e5 18. h3 exd4 19. exd4 Nf8 20. Ra1 Ne6 21. Rxa8 Rxa8 22. Bc1 Nd7 23. Be3 g6 24. Ne2 f5 25. Qc1 Bf6 26. Nf4 Ndf8 27. Re1 Qg7 28. Nxe6 Nxe6 29. Bh6 Qf7 30. Qe3 Re8 31. Bf4 Qg7 32. Qd3 Qd7 33. Be5 Bxe5 34. Nxe5 Qc7 35. Qc3 Re7 36. Qb4 Kg7 37. Re3 Kf6 38. h4 Kg7 39. Qa4 f4 40. Re1 Nxc5 41. dxc5 Rxe5 42. Qd4 Kf6 43. Qxf4+ Ke6 44. Re3 Qb8 45. Qg4+ Ke7 46. Qg5+ Ke6 47. Qg4+ Ke7 48. Qg3 Qb1+ 49. Kh2 Rxe3 50. Qc7+ Kf8 51. fxe3 Qe1 52. Qxh7 Qxe3 53. Qxg6 Qxc5 54. Qf6+ Kg8 55. h5 Qf8 56. Qxc6 Qf5 57. Qe8+ Kg7 58. Qe2 d4 59. g4 Qf4+ 60. Kh3 Kf6 61. Kh4 Qg5+ 62. Kg3 Qc5 63. Qe4 Qc3+ 64. Kh4 Qd2 65. Qf5+ Kg7 66. Qg6+ Kh8 67. Qf6+ Kh7 68. Qe7+ Kg8 69. Qd8+ Kg7 70. Qc7+ Kg8 71. Qb8+ Kg7 72. Qe5+ Kg8 73. g5 Qf2+ 74. Qg3 Qb2 75. Qf4 Qb6 76. h6 Qd8 77. Qe5 Qd7 78. g6 Qd8+ 79. Kh5 1-0

[Event "Teplice Open 2019"]
[Site "Teplice"]
[Date "2019.06.22"]
[Round "8.20"]
[White "Gungl, Theo"]
[Black "Abdumalik, Zhansaya"]
[Result "1/2-1/2"]
[ECO "B42"]
[WhiteElo "2313"]
[BlackElo "2464"]
[Annotator "ChessBase"]
[PlyCount "60"]
[EventDate "2019.06.15"]
[EventType "swiss"]
[EventCountry "CZE"]
[SourceTitle "playchess.com"]
[Source "ChessBase"]
[SourceQuality "1"]
[TimeControl "40/5400+30:1800+30"]

1. e4 c5 2. Nf3 e6 3. d4 cxd4 4. Nxd4 a6 5. Bd3 g6 6. c4 Bg7 7. Nb3 Ne7 8. O-O O-O 9. Nc3 d5 10. cxd5 exd5 11. Nxd5 Nxd5 12. exd5 Qxd5 13. Qe2 Qd8 14. Be3 Nc6 15. Rad1 Qe7 16. Rfe1 Re8 17. Qd2 Qc7 18. Bf4 Ne5 19. Rc1 Qd6 20. Be4 Qxd2 21. Nxd2 h6 22. Nf3 Nxf3+ 23. Bxf3 Rxe1+ 24. Rxe1 Be6 25. Bxb7 Ra7 26. Bc6 Bxb2 27. Bb8 Re7 28. Bd6 Ra7 29. Bb8 Re7 30. Bd6 Ra7 1/2-1/2

[Event "Teplice Open 2019"]
[Site "Teplice"]
[Date "2019.06.22"]
[Round "8.21"]
[White "Simek, Petr (86)"]
[Black "Cawdery, Daniel"]
[Result "0-1"]
[ECO "D71"]
[WhiteElo "2300"]
[BlackElo "2428"]
[Annotator "NA"]
[PlyCount "82"]
[EventDate "2019.06.15"]
[EventType "swiss"]
[EventCountry "CZE"]
[SourceTitle "playchess.com"]
[Source "ChessBase"]
[SourceQuality "1"]
[TimeControl "40/5400+30:1800+30"]

1. d4 Nf6 2. c4 g6 3. g3 Bg7 4. Bg2 d5 5. cxd5 Nxd5 6. Nf3 Nb6 7. Nc3 Nc6 8. e3 e5 9. d5 Ne7 10. e4 c6 11. d6 Ng8 12. b3 f6 13. O-O Nh6 14. Ba3 Nf7 15. Qc2 Be6 16. Rad1 Qd7 17. Nh4 O-O 18. f4 Bg4 19. Rd3 Rfd8 20. Nd1 Bxd1 21. Rfxd1 Nc8 22. Qc4 b5 23. Qc2 Bf8 24. Rc1 Bxd6 25. Bxd6 Ncxd6 26. Rc3 Rac8 27. h3 Qe7 28. Nf3 b4 29. Rc5 exf4 30. Nd4 Nxe4 31. Rxc6 Nc3 32. Qf2 fxg3 33. Qxg3 Rxc6 34. Nxc6 Qc5+ 35. Kh2 Rc8 36. a3 a5 37. axb4 axb4 38. Qf4 Kg7 39. Rf1 Rxc6 40. Bxc6 Qxc6 41. Qxb4 Ne4 0-1

[Event "Teplice Open 2019"]
[Site "Teplice"]
[Date "2019.06.22"]
[Round "8.22"]
[White "Mazur, Stefan"]
[Black "Sylvan, Jacob"]
[Result "1-0"]
[ECO "B47"]
[WhiteElo "2426"]
[BlackElo "2312"]
[Annotator "NA"]
[PlyCount "43"]
[EventDate "2019.06.15"]
[EventType "swiss"]
[EventCountry "CZE"]
[SourceTitle "playchess.com"]
[Source "ChessBase"]
[SourceQuality "1"]
[TimeControl "40/5400+30:1800+30"]

1. e4 c5 2. Nf3 e6 3. d4 cxd4 4. Nxd4 Nc6 5. Nc3 Qc7 6. Qd3 a6 7. Nxc6 bxc6 8. Qg3 Qxg3 9. hxg3 d5 10. g4 Nf6 11. g5 Nxe4 12. Nxe4 dxe4 13. Rh4 Be7 14. Rxe4 h6 15. gxh6 gxh6 16. Be3 h5 17. O-O-O h4 18. Rc4 Bb7 19. Rc3 Rg8 20. Rb3 Bc8 21. Be2 Bd7 22. Bf3 1-0

[Event "Teplice Open 2019"]
[Site "Teplice"]
[Date "2019.06.22"]
[Round "8.23"]
[White "Pajeken, Jakob Leon"]
[Black "Morgunov, Daniel"]
[Result "1-0"]
[ECO "D02"]
[WhiteElo "2359"]
[BlackElo "2289"]
[Annotator "NA"]
[PlyCount "101"]
[EventDate "2019.06.15"]
[EventType "swiss"]
[EventCountry "CZE"]
[SourceTitle "playchess.com"]
[Source "ChessBase"]
[SourceQuality "1"]
[TimeControl "40/5400+30:1800+30"]

1. d4 Nf6 2. Nf3 e6 3. Bf4 d5 4. e3 c5 5. c3 Nc6 6. Nbd2 cxd4 7. exd4 Nh5 8. Bg5 f6 9. Be3 Bd6 10. g3 O-O 11. Bd3 f5 12. Ne5 Nf6 13. f4 Bd7 14. Qe2 Be8 15. h3 Rc8 16. Ndf3 Ne4 17. Qg2 Qb6 18. O-O Nxe5 19. fxe5 Be7 20. Rfe1 Bb5 21. Bc2 Qa6 22. a4 Bd3 23. Bd1 b5 24. Bd2 g5 25. Re3 b4 26. cxb4 f4 27. gxf4 Kh8 28. Ne1 Bc4 29. f5 exf5 30. Nc2 f4 31. Rf3 Qe6 32. Rfa3 Qg6 33. Be1 h5 34. Qf3 Ng3 35. Bxg3 fxg3 36. Qxh5+ Qxh5 37. Bxh5 Rf2 38. Ne3 Bxb4 39. Nxc4 Bxa3 40. Nxa3 Rcf8 41. e6 g4 42. e7 gxh3 43. exf8=Q+ Rxf8 44. Bg4 h2+ 45. Kg2 Rf2+ 46. Kxg3 Rxb2 47. Nb5 Kg7 48. Nc7 a5 49. Bf3 Rd2 50. Bg2 Kg6 51. Nb5 1-0

[Event "Teplice Open 2019"]
[Site "Teplice"]
[Date "2019.06.22"]
[Round "8.24"]
[White "Hollan, Petr"]
[Black "Risting, Eivind Olav"]
[Result "1/2-1/2"]
[ECO "B63"]
[WhiteElo "2261"]
[BlackElo "2357"]
[Annotator "NA"]
[PlyCount "63"]
[EventDate "2019.06.15"]
[EventType "swiss"]
[EventCountry "CZE"]
[SourceTitle "playchess.com"]
[Source "ChessBase"]
[SourceQuality "1"]
[TimeControl "40/5400+30:1800+30"]

1. e4 c5 2. Nf3 d6 3. d4 cxd4 4. Nxd4 Nf6 5. Nc3 Nc6 6. Bg5 e6 7. Qd2 Be7 8. f4 h6 9. Bxf6 Bxf6 10. Ndb5 O-O 11. Nxd6 e5 12. Nxc8 Rxc8 13. Qxd8 Rfxd8 14. f5 Nb4 15. Bd3 Nxd3+ 16. cxd3 Rxd3 17. Ke2 Rd4 18. Rhd1 b5 19. a3 a5 20. Kf3 Rcc4 21. Nxb5 Rxd1 22. Rxd1 Rc2 23. b3 Rb2 24. Rd3 Be7 25. Rc3 h5 26. h3 h4 27. g3 Rh2 28. Kg4 Re2 29. Kf3 Rh2 30. Kg4 Re2 31. Kf3 Rh2 32. Kg4 1/2-1/2

[Event "Teplice Open 2019"]
[Site "Teplice"]
[Date "2019.06.22"]
[Round "8.25"]
[White "Rubes, Jan"]
[Black "Freisler, Pavel"]
[Result "1-0"]
[ECO "A13"]
[WhiteElo "2352"]
[BlackElo "2246"]
[Annotator "NA"]
[PlyCount "49"]
[EventDate "2019.06.15"]
[EventType "swiss"]
[EventCountry "CZE"]
[SourceTitle "playchess.com"]
[Source "ChessBase"]
[SourceQuality "1"]
[TimeControl "40/5400+30:1800+30"]

1. c4 e6 2. Nc3 Bb4 3. e4 c5 4. g3 Nc6 5. Bg2 Nge7 6. Nge2 a6 7. O-O Nd4 8. a3 Ba5 9. Nxd4 cxd4 10. Ne2 Bb6 11. b4 d6 12. Bb2 e5 13. d3 O-O 14. f4 f5 15. c5 dxc5 16. bxc5 Bxc5 17. Qb3+ Kh8 18. fxe5 Nc6 19. e6 fxe4 20. Bxe4 Re8 21. Rac1 Qd6 22. Nf4 Rb8 23. Qd1 Qe5 24. Qg4 Kg8 25. Bxh7+ 1-0

[Event "Teplice Open 2019"]
[Site "Teplice"]
[Date "2019.06.22"]
[Round "8.26"]
[White "Morgunov, Marc"]
[Black "Navrotescu, Andreea-Cristiana"]
[Result "1/2-1/2"]
[ECO "A08"]
[WhiteElo "2351"]
[BlackElo "2233"]
[Annotator "NA"]
[PlyCount "85"]
[EventDate "2019.06.15"]
[EventType "swiss"]
[EventCountry "CZE"]
[SourceTitle "playchess.com"]
[Source "ChessBase"]
[SourceQuality "1"]
[TimeControl "40/5400+30:1800+30"]

1. e4 e6 2. d3 d5 3. Nd2 c5 4. Ngf3 Nf6 5. g3 Nc6 6. Bg2 g6 7. O-O Bg7 8. Re1 O-O 9. c3 a5 10. a4 b6 11. Nb1 Ba6 12. Na3 dxe4 13. dxe4 Qxd1 14. Rxd1 Rad8 15. Re1 Bd3 16. Bg5 h6 17. Bxf6 Bxf6 18. Bf1 g5 19. h3 h5 20. g4 hxg4 21. hxg4 Rd7 22. Bxd3 Rxd3 23. Kg2 Ne7 24. e5 Bg7 25. Nxg5 Ng6 26. Nc4 Nf4+ 27. Kf1 f6 28. exf6 Rxf6 29. Ne4 Rh6 30. Ng3 Rh2 31. Re3 Rd8 32. Rae1 Bh6 33. Rf3 Rh4 34. Ne3 Rd2 35. Ng2 Rxg4 36. Nxf4 Rxf4 37. Rxf4 Bxf4 38. Nh5 e5 39. Re2 Rd1+ 40. Kg2 Bc1 41. Kf3 Kf7 42. Kg4 Rg1+ 43. Ng3 1/2-1/2

[Event "Teplice Open 2019"]
[Site "Teplice"]
[Date "2019.06.22"]
[Round "8.27"]
[White "Pajeken, Wolfgang"]
[Black "Leisch, Lukas"]
[Result "1/2-1/2"]
[ECO "E74"]
[WhiteElo "2259"]
[BlackElo "2341"]
[Annotator "NA"]
[PlyCount "87"]
[EventDate "2019.06.15"]
[EventType "swiss"]
[EventCountry "CZE"]
[SourceTitle "playchess.com"]
[Source "ChessBase"]
[SourceQuality "1"]
[TimeControl "40/5400+30:1800+30"]

1. d4 Nf6 2. c4 g6 3. Nc3 Bg7 4. e4 d6 5. Be2 O-O 6. Bg5 c5 7. d5 h6 8. Bf4 a6 9. Qd2 Kh7 10. a4 Ne8 11. Nf3 e5 12. dxe6 Bxe6 13. Nd5 Nc6 14. a5 Bxd5 15. exd5 Nb4 16. O-O f5 17. h4 Nf6 18. Rfe1 Ne4 19. Qc1 Qf6 20. Rb1 Rae8 21. g3 Re7 22. Bf1 Rfe8 23. Nd2 Nxf2 24. Rxe7 Qxe7 25. Kxf2 g5 26. hxg5 hxg5 27. Nf3 gxf4 28. Qxf4 Qf6 29. Ng5+ Kg8 30. Ne6 Rxe6 31. dxe6 Qxe6 32. Rd1 Bd4+ 33. Rxd4 cxd4 34. Qxd4 Nc6 35. Qb6 Qe7 36. Be2 Ne5 37. b4 f4 38. Qd4 fxg3+ 39. Kxg3 Nc6 40. Qg4+ Qg7 41. Bf3 Nxb4 42. Bxb7 Qxg4+ 43. Kxg4 Kf7 44. Kf5 1/2-1/2

[Event "Teplice Open 2019"]
[Site "Teplice"]
[Date "2019.06.22"]
[Round "8.28"]
[White "Serrano Salvador, Eduardo"]
[Black "Georgescu, Lena"]
[Result "1/2-1/2"]
[ECO "B00"]
[WhiteElo "2334"]
[BlackElo "2200"]
[Annotator "ChessBase"]
[PlyCount "204"]
[EventDate "2019.06.15"]
[EventType "swiss"]
[EventCountry "CZE"]
[SourceTitle "playchess.com"]
[Source "ChessBase"]
[SourceQuality "1"]
[TimeControl "40/5400+30:1800+30"]

1. d4 Nf6 2. Nf3 e6 3. Bg5 b6 4. e4 h6 5. Bxf6 Qxf6 6. Nc3 Bb7 7. Qd2 Bb4 8. Bd3 Nc6 9. a3 Bxc3 10. Qxc3 O-O-O 11. O-O-O g5 12. h3 Kb8 13. Kb1 Qg7 14. Qc4 Ne7 15. Qb5 Ng6 16. Rhe1 Nh4 17. Nxh4 gxh4 18. Bf1 Qg5 19. d5 Rhg8 20. dxe6 Qxb5 21. Bxb5 dxe6 22. f3 c6 23. Bf1 Kc7 24. Kc1 e5 25. Rd2 Bc8 26. Rxd8 Kxd8 27. Kd2 Ke7 28. Ke3 Be6 29. Rd1 a5 30. Kf2 Ra8 31. b3 Rg8 32. Ke3 Bd7 33. Ra1 Ra8 34. Kf2 Be6 35. Rd1 Rg8 36. Rd3 Rg3 37. Rc3 Kd6 38. Bc4 Bxc4 39. Rxc4 Rg8 40. Rc3 h5 41. Rd3+ Ke6 42. c4 Ke7 43. Rd2 f6 44. Ke3 Ra8 45. Kf2 Rg8 46. Rd1 c5 47. Rd5 a4 48. Rd3 Ra8 49. g4 hxg3+ 50. Kxg3 Kf7 51. bxa4 Rxa4 52. Rc3 Kg6 53. f4 exf4+ 54. Kxf4 Ra8 55. Rg3+ Kf7 56. Rb3 Ra4 57. Kf5 Rxc4 58. Rxb6 Ke7 59. Re6+ Kd7 60. Kxf6 Rc3 61. Re5 Rf3+ 62. Rf5 Rxh3 63. Rxc5 Rxa3 64. Rxh5 Rf3+ 65. Rf5 Re3 66. e5 Ke8 67. Rh5 Re1 68. Rh8+ Kd7 69. Rh7+ Ke8 70. Ke6 Kf8 71. Rh8+ Kg7 72. Rd8 Re2 73. Re8 Ra2 74. Rd8 Re2 75. Rd5 Kf8 76. Rd7 Ke8 77. Re7+ Kf8 78. Rf7+ Ke8 79. Rf1 Re3 80. Kf6 Re2 81. Ra1 Re3 82. Ra7 Re1 83. Ke6 Kf8 84. Ra8+ Kg7 85. Re8 Ra1 86. Re7+ Kf8 87. Rd7 Re1 88. Rd5 Ke8 89. Kd6 Re2 90. Ra5 Re1 91. Ra2 Kf7 92. Rf2+ Ke8 93. Ke6 Re3 94. Kf6 Kd7 95. Rd2+ Ke8 96. Ra2 Re1 97. Ra7 Re2 98. Re7+ Kf8 99. Rd7 Ke8 100. Rd6 Re1 101. Re6+ Kf8 102. Ra6 Ke8 1/2-1/2

[Event "Teplice Open 2019"]
[Site "Teplice"]
[Date "2019.06.22"]
[Round "8.29"]
[White "Gavrilescu, David"]
[Black "Lyell, Mark"]
[Result "1-0"]
[ECO "C03"]
[WhiteElo "2475"]
[BlackElo "2222"]
[Annotator "ChessBase"]
[PlyCount "57"]
[EventDate "2019.06.15"]
[EventType "swiss"]
[EventCountry "CZE"]
[SourceTitle "playchess.com"]
[Source "ChessBase"]
[SourceQuality "1"]
[TimeControl "40/5400+30:1800+30"]

1. e4 e6 2. d4 d5 3. Nd2 h6 4. Ngf3 Nf6 5. Bd3 c5 6. e5 Nfd7 7. c4 dxc4 8. Nxc4 cxd4 9. O-O Nc5 10. Bb1 Nc6 11. Bf4 b6 12. Qd2 Qd5 13. Nd6+ Bxd6 14. exd6 g5 15. Bg3 f5 16. b4 Ne4 17. Bxe4 fxe4 18. b5 exf3 19. bxc6 O-O 20. Qd3 Qf5 21. Qxd4 Ba6 22. Rfd1 Be2 23. d7 Bxd1 24. c7 e5 25. Qd5+ Qf7 26. Rxd1 Qxd5 27. Rxd5 Rad8 28. cxd8=B Rxd8 29. Bxe5 1-0

[Event "Teplice Open 2019"]
[Site "Teplice"]
[Date "2019.06.22"]
[Round "8.30"]
[White "Cernousek, Lukas"]
[Black "Cholleti Sahajasri"]
[Result "0-1"]
[ECO "B51"]
[WhiteElo "2466"]
[BlackElo "2207"]
[Annotator "ChessBase"]
[PlyCount "82"]
[EventDate "2019.06.15"]
[EventType "swiss"]
[EventCountry "CZE"]
[SourceTitle "playchess.com"]
[Source "ChessBase"]
[SourceQuality "1"]
[TimeControl "40/5400+30:1800+30"]

1. e4 c5 2. Nf3 d6 3. Bb5+ Nd7 4. d4 cxd4 5. Qxd4 a6 6. Bxd7+ Bxd7 7. Nc3 e5 8. Qd3 h6 9. Nd2 Rc8 10. Nc4 Be6 11. Ne3 Nf6 12. O-O Be7 13. Bd2 Qc7 14. Rfd1 O-O 15. Rac1 Bc4 16. Nxc4 Qxc4 17. Qf3 b5 18. Be1 Rfd8 19. b3 Qc6 20. Qd3 Qb7 21. Ra1 Rc5 22. Nd5 Nxd5 23. exd5 Rdc8 24. c3 Bg5 25. a4 bxa4 26. b4 Rc4 27. Rxa4 e4 28. Qg3 Be7 29. Ra5 Bd8 30. Ra3 Be7 31. Rda1 Qxd5 32. Rxa6 Rd8 33. R6a5 Qc6 34. b5 Qb6 35. Qe3 Qb8 36. b6 Bg5 37. Qe2 Rc6 38. Qxe4 Qxb6 39. c4 Bf6 40. R1a4 Rc5 41. Ra8 Re5 0-1